 Dungeon Crawl Stone Soup version 0.29-a0-757-g358383bc75 (webtiles) character file.

Game seed: 3220454332131985506

1946 ReploidZero the Trooper (level 9, -4/92 HPs)
             Began as an Ogre Transmuter on June 30, 2022.
             Was an Initiate of Ru.
             Slain by a killer bee (8 damage)
             ... on level 5 of the Dungeon.
             The game lasted 00:21:40 (9764 turns).

ReploidZero the Trooper (Ogre Transmuter)           Turns: 9764, Time: 00:21:41

Health: -4/92      AC:  6    Str: 16    XL:     9   Next: 18%
Magic:  18/18      EV: 10    Int: 18    God:    Ru [......]
Gold:   389        SH:  0    Dex: 15    Spells: 9/21 levels left

rFire   + + .      SeeInvis .     - Unarmed
rCold   + . .      Faith    .   (no shield)
rNeg    . . .      Spirit   .   a - +0 robe
rPois   +          Reflect  .   (helmet currently unavailable)
rElec   +          Harm     .   m - +2 cloak
rCorr   +          Rampage  .   (gloves unavailable)
Will    .....                   (boots unavailable)
Stlth   +.........              (no amulet)
HPRegen 0.25/turn               e - +6 ring of dexterity
MPRegen 0.16/turn               f - ring of protection from fire

@: confused, lethally poisoned (-4 -> -17), appendages, resistant,
ambrosia-drunk
A: horns 2, talons 2, large, unfitting armour, tough skin 1
a: End Transformation, Renounce Religion


You were on level 5 of the Dungeon.
You worshipped Ru.
Ru was noncommittal.
You had temporarily grown beastly horns and talons.
You visited 2 branches of the dungeon, and saw 8 of its levels.

You collected 389 gold pieces.

Inventory:

Missiles
 b - 2 javelins
 d - 3 curare-tipped darts
 x - 6 poisoned darts
Armour
 a - a +0 robe (worn)
 j - a +1 cloak
 m - a +2 cloak (worn)
Jewellery
 e - a +6 ring of dexterity (left hand)
 f - a ring of protection from fire (right hand)
Wands
 n - a wand of flame (41)
 v - a wand of digging (6)
Scrolls
 r - a scroll of amnesia
 w - a scroll of enchant armour
 y - 2 scrolls of teleportation {unknown}
Potions
 c - 3 potions of mutation
 h - a potion of brilliance
 i - a potion of might
 l - 2 potions of flight
 q - 2 potions of haste
 u - a potion of heal wounds {unknown}
 z - a potion of attraction {unknown}


   Skills:
 - Level 6.7 Fighting
 - Level 1.7 Dodging
 - Level 5.3 Unarmed Combat
 + Level 6.5 Spellcasting
 + Level 5.3 Transmutations
 + Level 2.7 Ice Magic
 + Level 2.8 Poison Magic


You had 9 spell levels left.
You knew the following spells:

 Your Spells              Type           Power      Damage    Failure   Level
a - Beastly Appendage     Tmut           50%        N/A       1%          1
b - Wereblood             Tmut           25%        N/A       1%          2
c - Spider Form           Tmut/Pois      20%        N/A       6%          3
d - Passwall              Tmut/Erth      12%        N/A       6%          2
e - Ice Form              Ice/Tmut       20%        N/A       22%         4

Your spell library contained the following spells:

 Spells                   Type           Power      Damage    Failure   Level
 Freeze                   Ice            60%        1d8       3%          1
 Ensorcelled Hibernation  Hex/Ice        20%        N/A       10%         2
 Frozen Ramparts          Ice            30%        1d5       11%         3
 Call Canine Familiar     Summ           5%         N/A       34%         3
 Gell's Gravitas          Tloc           5%         N/A       34%         3
 Lesser Beckoning         Tloc           5%         N/A       34%         3
 Portal Projectile        Hex/Tloc       10%        N/A       34%         3
 Swiftness                Air            5%         N/A       34%         3
 Teleport Other           Tloc           5%         N/A       34%         3
 Hailstorm                Conj/Ice       10%        3d5       54%         4
 Leda's Liquefaction      Hex/Erth       2%         N/A       75%         4
 Summon Forest            Summ/Tloc      2%         N/A       97%         5
 Summon Mana Viper        Hex/Summ       5%         N/A       97%         5
 Summon Cactus Giant      Summ           2%         N/A       100%        6


Dungeon Overview and Level Annotations

Branches:
Dungeon (7/15)             Temple (1/1) D:7

Altars:
Ashenzari
Cheibriados
Dithmenos
Elyvilon
Fedhas
Gozag
Hepliaklqana
Kikubaaqudgha
Makhleb
Nemelex Xobeh
Okawaru
Qazlal
Ru
Sif Muna
Trog
Uskayaw
Vehumet
Wu Jian
Xom
Zin
The Shining One

Annotations:
D:7 1 runed translucent door, Crazy Yiuf


Innate Abilities, Weirdness & Mutations

You have temporarily grown beastly horns and talons.
You are too large for most types of armour.
You have tough skin. (AC +1)


Message History

The killer bee stings you.
You climb upwards.
You feel very sick.
There is a stone staircase leading down here.
You can't go up here!
Unknown command.
Unknown command.
As you read the scroll of summoning, it crumbles to dust.
Wisps of shadow whirl around you...
You feel very sick. The killer bee stings you!
* * * LOW HITPOINT WARNING * * *
The killer bee closely misses you. The killer bee stings you.
* * * LOW HITPOINT WARNING * * *
You are lethally poisoned!
The killer bee poisons you!
The killer bee stings you but does no damage.
Unknown command.
You are too injured to fight recklessly!
You are confused.
You feel invigorated.
* * * LOW HITPOINT WARNING * * *
You feel very sick. The killer bee barely misses you.
The killer bee stings you.
* * * LOW HITPOINT WARNING * * *
The killer bee stings you but does no damage.
The killer bee stings you.
* * * LOW HITPOINT WARNING * * *
You are more poisoned.
The killer bee poisons you!
Your jelly hits the killer bee but does no damage.
Unknown command.
Unknown command.
Unknown command.
It was a potion of resistance.
You feel protected.
* * * LOW HITPOINT WARNING * * *
You feel very sick. The killer bee stings you!
You die...

#รท##.##.#.# #.#
#.##....#.### #.#
#...........# #.#
#..####.#.#.# #.#
....# #.#.#.# #.#
.#..###.#.#.####.#
###.............[#
.#..##.........n[#
....##...##.###y@#
..)...).....# #y.#
#.####...#### #.J#
#.# ##.##
#..###### #.# #.#
#.......# #.# #.#
#.#####.# #.# #.#
#.# #.# #.# #.#
#.# #.# #.# #.#
#.# #.#


You could see 2 killer bees, a friendly necrophage (summoned) and a friendly
jelly (summoned).

Vanquished Creatures
  A water moccasin (D:7)
  An orc warrior (D:7)
  A black bear (D:5)
  A sky beast (D:7)
  An ice beast (D:6)
  An ogre (D:4)
  A centaur (D:6)
  2 bullfrogs (D:7)
  A gnoll sergeant (D:4)
  2 scorpions
  2 killer bees
  5 jellies
  6 orc priests
  A hound (D:4)
  4 iguanas (D:5)
  5 orc wizards
  Robin (D:3)
  7 gnolls
  7 adders
  2 shadow imps
  4 ufetubi
  4 worms
  4 dart slugs
  22 orcs
  6 ball pythons
  16 endoplasms
  A giant cockroach (D:2)
  15 goblins
  9 hobgoblins
  5 jackals (D:2)
  4 quokkas
  3 bats
  3 frilled lizards
  14 kobolds
  9 rats
171 creatures vanquished.

Vanquished Creatures (others)
  A fungus (D:4)
  9 toadstools (D:4)
10 creatures vanquished.

Grand Total: 181 creatures vanquished

Notes
Turn   | Place    | Note
-------+----------+-------------------------------------------
     0 | D:1      | ReploidZero the Ogre Transmuter began the quest for the
                  | Orb.
     0 | D:1      | Reached XP level 1. HP: 19/19 MP: 3/3
   248 | D:1      | Reached XP level 2. HP: 19/28 MP: 3/5
   390 | D:1      | Found a faded altar of an unknown god.
  1016 | D:2      | Reached XP level 3. HP: 26/35 MP: 5/7
  1873 | D:2      | Learned a level 2 spell: Wereblood
  1877 | D:2      | Learned a level 3 spell: Spider Form
  1884 | D:2      | Reached XP level 4. HP: 44/44 MP: 6/8
  2590 | D:3      | Noticed Robin
  2605 | D:3      | Killed Robin
  2606 | D:3      | Reached XP level 5. HP: 48/53 MP: 7/10
  2940 | D:3      | Reached XP level 6. HP: 60/62 MP: 9/11
  3116 | D:3      | Found a faded altar of an unknown god.
  3435 | D:4      | Learned a level 2 spell: Passwall
  3522 | D:4      | Found a stormy altar of Qazlal.
  3703 | D:4      | Found a radiant altar of Vehumet.
  3808 | D:4      | Reached XP level 7. HP: 62/71 MP: 10/13
  4066 | D:4      | Reached skill level 5 in Fighting
  4574 | D:4      | Found an iron altar of Okawaru.
  4574 | D:4      | Found a bloodstained altar of Trog.
  4620 | D:5      | Entered Level 5 of the Dungeon
  4688 | D:5      | Reached skill level 5 in Spellcasting
  5185 | D:5      | Reached XP level 8. HP: 83/83 MP: 13/15
  5474 | D:5      | Learned a level 4 spell: Ice Form
  5960 | D:6      | Reached skill level 5 in Unarmed Combat
  5960 | D:6      | Reached skill level 1 in Poison Magic
  6168 | D:6      | Reached skill level 1 in Ice Magic
  6676 | D:6      | Found a burning altar of Makhleb.
  6774 | D:6      | Identified the +2 flail of the Tundras {vorpal, rCorr Str-3
                  | Int+4}
  7818 | D:7      | Identified the +10 dagger of the Moon {flame, rPois Int+2}
  7837 | D:7      | Found a staircase to the Ecumenical Temple.
  8245 | D:7      | Found a runed translucent door.
  8246 | D:7      | Noticed Crazy Yiuf
  8319 | Temple   | Entered the Ecumenical Temple
  8487 | Temple   | Became a worshipper of Ru the Awakened
  8523 | D:7      | Reached skill level 5 in Transmutations
  8527 | D:7      | Reached XP level 9. HP: 25/92 MP: 14/18
  9764 | D:5      | HP: 4/92 [poisoned by a killer bee]
  9764 | D:5      | Slain by a killer bee

Illustrated notes

Levels and vault maps discovered:
D:1:      lightli_arrival_windingriver, layout_rooms,
          ebering_ecumenical_altar_mist
D:2:      layout_basic
D:3:      layout_loops_corners, nicolae_overflow_ecumenical_swirl, uniq_robin
D:4:      cheibrodos_fertilizer, layout_basic, kennysheep_mini,
          mainiacjoe_overflow_alcove_1, grunt_temple_overflow_bloody_war
D:5:      layout_loops_ring
D:6:      layout_basic, overflow_temple_1_default, portal_sewer_entry_d,
          corexii_shack
D:7:      layout_layer_cave, minmay_temple_entry_mini_moons,
          uniq_crazy_yiuf_cottage
Temple:   nicolae_temple_elliptical

Skill      XL: |  1  2  3  4  5  6  7  8 |
---------------+-------------------------+-----
Transmutations | 2 3 4 5 |  5.3
Fighting       | 2 3 4 5 6 |  6.7
Unarmed Combat | 3 4 5 |  5.3
Spellcasting   | 3 4 5 6 |  6.5
Poison Magic   | 2 |  2.8
Ice Magic      | 2 |  2.7
Dodging        | |  1.7

Action                   |  1- 3 |  4- 6 |  7- 9 || total
-------------------------+-------+-------+-------++-------
Melee: Unarmed           |   159 |   174 |   299 ||   632
       Kick              |    14 |    34 |    56 ||   104
       Headbutt          |     8 |    19 |    40 ||    67
       Punch             |     4 |     4 |    14 ||    22
Throw: Dart              |       |     1 |       ||     1
 Cast: Beastly Appendage |    11 |    19 |    23 ||    53
       Wereblood         |       |     7 |     7 ||    14
  Use: Scroll            |       |     8 |     8 ||    16
       Potion            |       |     1 |     6 ||     7
 Stab: Sleeping          |       |       |     3 ||     3
Armor: Robe              |    50 |    53 |   163 ||   266
       Skin              |       |    10 |    15 ||    25
Dodge: Dodged            |    76 |    68 |   163 ||   307

Table legend: (Time is in decaauts)
 A = Elapsed time spent in this place.
 B = Non-inter-level travel time spent in this place.
 C = Inter-level travel time spent in this place.
 D = Time resting spent in this place.
 E = Time spent auto-exploring this place.
 F = Levels seen in this place.
 G = Mean time per level.
                   A        B        C        D        E       F      G
               +--------+--------+--------+--------+--------+-----+--------+
         Total |   9734 |   9439 |    295 |    146 |   7873 |   8 | 1216.8 |
       Dungeon |   9542 |   9269 |    273 |    146 |   7745 |   7 | 1363.1 |
        Temple |    191 |    169 |     22 |      0 |    128 |   1 |  191.0 |
               +--------+--------+--------+--------+--------+-----+--------+

Top non-repeatable levels by time:
     D:7: 2092 daAuts
     D:5: 1560 daAuts
     D:3: 1348 daAuts
     D:4: 1296 daAuts
     D:6: 1283 daAuts
     D:2: 980 daAuts
     D:1: 979 daAuts
  Temple: 191 daAuts
